 Dungeon Crawl Stone Soup version 0.26-a0-110-g95b6527cb0 (webtiles) character file.

Game seed: 7659993684995791706

225 drasked the Chopper (level 6, -1/55 HPs)
             Began as a Hill Orc Monk on June 23, 2020.
             Was a Believer of Beogh.
             Killed from afar by Edmund (6 damage)
             ... with a puff of flame
             ... on level 4 of the Dungeon.
             The game lasted 00:08:04 (5179 turns).

drasked the Chopper (Hill Orc Monk)                 Turns: 5179, Time: 00:08:05

Health: -1/55      AC:  7    Str: 16    XL:     6   Next: 1%
Magic:  6/6        EV: 10    Int: 16    God:    Beogh [**....]
Gold:   225        SH:  0    Dex: 13    Spells: 5/5 levels left

rFire    . . .     SeeInvis .   a - +0 hand axe
rCold    . . .     Faith    .   (no shield)
rNeg     . . .     Spirit   .   y - +0 scale mail
rPois    .         Reflect  .   (no helmet)
rElec    .         Harm     .   (no cloak)
rCorr    .                      (no gloves)
MR       .....                  x - +0 pair of boots
Stlth    ..........             k - amulet of magic regeneration
HPRegen  0.18/turn              r - +6 ring of intelligence
MPRegen  0.35/turn              (no ring)

@: no status effects
A: no striking features
a: Smiting, Renounce Religion


You were on level 4 of the Dungeon.
You worshipped Beogh.
Beogh was pleased with you.
You were very hungry.

You visited 1 branch of the dungeon, and saw 4 of its levels.

You collected 225 gold pieces.

Inventory:

Hand Weapons
 a - a +0 hand axe (weapon)
Missiles
 j - 5 poisoned darts (quivered)
 Q - 160 stones
Armour
 x - a +0 pair of boots (worn)
   (You found it on level 3 of the Dungeon)
 y - a +0 scale mail (worn)
   (You found it on level 3 of the Dungeon)
Jewellery
 k - an amulet of magic regeneration (around neck)
   (You found it on level 1 of the Dungeon)
 r - a +6 ring of intelligence (left hand)
   (You found it on level 2 of the Dungeon)
Wands
 b - a wand of flame (19)
   (You found it on level 3 of the Dungeon)
 u - a wand of disintegration (9)
   (You found it on level 4 of the Dungeon)
Scrolls
 d - a scroll of magic mapping {unknown}
 f - a scroll of immolation {unknown}
 h - 5 scrolls of identify {unknown}
 i - 5 scrolls of fear {unknown}
 l - 3 scrolls of remove curse {unknown}
 n - a scroll of random uselessness {unknown}
 o - 4 scrolls of teleportation {unknown}
 t - a scroll of amnesia {unknown}
 v - 2 scrolls of enchant weapon {unknown}
Potions
 c - 2 potions of curing {unknown}
 m - a potion of stabbing {unknown}
 q - a potion of brilliance {unknown}
 s - a potion of lignification {unknown}
 w - a potion of flight {unknown}
Comestibles
 e - 6 rations


   Skills:
 + Level 4.9 Fighting
 * Level 6.6 Axes
 + Level 2.8 Armour
 - Level 2.4 Dodging
 - Level 1.5 Stealth


You had 5 spell levels left.
You didn't know any spells.
Your spell library was empty.

Dungeon Overview and Level Annotations

Branches:
Dungeon (4/15)
 Temple: D:4-7

Altars:

Shops:
D:4 =

Annotations:
D:3 1 runed translucent door, Crazy Yiuf
D:4 Edmund


Message History

The adder poisons you!
You hit the adder.
You kill the adder!
You have reached level 6!
Your experience leads to an increase in your attributes!
Your base attributes are Str 15, Int 10, Dex 13.
Increase (S)trength, (I)ntelligence, or (D)exterity?
You feel stronger.
You feel sick.
You start resting.
You feel sick. x6
You are no longer poisoned.
You start resting.
j - 11 poisoned darts (gained 1)
j - 12 poisoned darts (gained 1)
j - 13 poisoned darts (gained 1)
Found a stone staircase leading up.
You are feeling very hungry.
You now have 211 gold pieces (gained 10).
You now have 225 gold pieces (gained 14).
Edmund the Younger comes into view.
He is wielding a +2 dire flail of protection and carrying a wand of flame (14).
Quiver which item? (- for none, * to show all) (? for menu, Esc to quit)
Quivering
g - 2 atropa-tipped darts for throwing.
Throwing (i - inventory. (/) - cycle)
g - 2 atropa-tipped darts (quivered)
Aim: Edmund, wielding a +2 dire flail of protection, wearing a +0 chain mail and carrying a wand of flame (14) (chance to blind on hit: 61%)
You throw an atropa-tipped dart. The atropa-tipped dart hits Edmund.
Edmund appears confused.
Throwing (i - inventory. (/) - cycle)
g - an atropa-tipped dart (quivered)
Aim: Edmund, wielding a +2 dire flail of protection, wearing a +0 chain mail and carrying a wand of flame (14) (confused, blind, chance to blind on hit: 51%)
You throw an atropa-tipped dart. The atropa-tipped dart hits Edmund.
Edmund appears confused.
Throwing (i - inventory. (/) - cycle)
j - 13 poisoned darts (quivered)
Aim: Edmund, wielding a +2 dire flail of protection, wearing a +0 chain mail and carrying a wand of flame (14) (confused, blind)
You throw a poisoned dart. The poisoned dart hits Edmund.
Edmund seems less confused.
Edmund zaps a wand.
The puff of flame hits you.
Throwing (i - inventory. (/) - cycle)
j - 12 poisoned darts (quivered)
Aim: Edmund, wielding a +2 dire flail of protection, wearing a +0 chain mail and carrying a wand of flame (13) (blind)
You throw a poisoned dart. The poisoned dart hits Edmund.
Edmund is poisoned.
Throwing (i - inventory. (/) - cycle)
j - 11 poisoned darts (quivered)
Aim: Edmund, wielding a +2 dire flail of protection, wearing a +0 chain mail and carrying a wand of flame (13) (lightly wounded, blind, poisoned)
You throw a poisoned dart. The poisoned dart hits Edmund.
Throwing (i - inventory. (/) - cycle)
j - 10 poisoned darts (quivered)
Aim: Edmund, wielding a +2 dire flail of protection, wearing a +0 chain mail and carrying a wand of flame (13) (lightly wounded, blind, poisoned)
You throw a poisoned dart. The poisoned dart hits Edmund.
Edmund looks even sicker.
Throwing (i - inventory. (/) - cycle)
j - 9 poisoned darts (quivered)
Aim: Edmund, wielding a +2 dire flail of protection, wearing a +0 chain mail and carrying a wand of flame (13) (lightly wounded, blind, very poisoned)
You throw a poisoned dart. The poisoned dart hits Edmund.
Edmund looks even sicker.
Edmund is no longer blind.
Edmund mutters, "Who needs spells, anyway?"
Edmund says, "I'm quite good with sums, too."
Edmund zaps a wand.
The puff of flame misses you.
Throwing (i - inventory. (/) - cycle)
j - 8 poisoned darts (quivered)
Aim: Edmund, wielding a +2 dire flail of protection, wearing a +0 chain mail and carrying a wand of flame (12) (moderately wounded, very poisoned)
You throw a poisoned dart. The poisoned dart hits Edmund.
There is an entrance to Qouveut's Jewellery Shoppe here.
Edmund looks more healthy.
Edmund hits you with a +2 dire flail of protection.
Edmund hits you with a +2 dire flail of protection!
Edmund zaps a wand.
The puff of flame hits you!
* * * LOW HITPOINT WARNING * * *
Edmund zaps a wand.
The puff of flame hits you!
* * * LOW HITPOINT WARNING * * *
There is an entrance to Qouveut's Jewellery Shoppe here.
You are too injured to fight recklessly!
Throwing (i - inventory. (/) - cycle)
j - 7 poisoned darts (quivered)
Aim: Edmund, wielding a +2 dire flail of protection, wearing a +0 chain mail and carrying a wand of flame (10) (heavily wounded)
You throw a poisoned dart.
The poisoned dart closely misses Edmund.
Edmund zaps a wand.
The puff of flame hits you.
* * * LOW HITPOINT WARNING * * *
Quiver which item? (- for none, * to show all) (? for menu, Esc to quit)
Quivering
p - a throwing net {=f, !d=f} for throwing.
Throwing (i - inventory. (/) - cycle)
p - a throwing net (quivered)
{=f, !d=f}
Aim: Edmund, wielding a +2 dire flail of protection, wearing a +0 chain mail and carrying a wand of flame (9) (heavily wounded)
You throw a throwing net {=f, !d=f}.
The throwing net {=f, !d=f} completely misses Edmund.
Edmund zaps a wand.
The puff of flame misses you.
Throwing (i - inventory. (/) - cycle)
j - 6 poisoned darts (quivered)
Aim: Edmund, wielding a +2 dire flail of protection, wearing a +0 chain mail and carrying a wand of flame (8) (heavily wounded)
You throw a poisoned dart.
The poisoned dart closely misses Edmund.
Edmund zaps a wand.
The puff of flame hits you.
* * * LOW HITPOINT WARNING * * *
Edmund asks, "Have you met my wondrous brother?"
Edmund zaps a wand.
The puff of flame hits you!
* * * LOW HITPOINT WARNING * * *
Edmund zaps a wand.
The puff of flame hits you.
You die...

##....#............##
##..)..............#
##...............##
#...............#
##..............##
##..............##
##............#..#
#.............##..
##@#...........###.
##..###........###..
##..## ##.......##...
. ##..##
###....#..... ...
#..## ####.....#.
#...#####@##
##....##.
#.((.....###
##....####
##((####...##
##...### # ..((
##...## ##...##


You could see Edmund.

Levels and vault maps discovered:
D:1:      saegor_arrival_fortress, layout_loops_ring, item_on_display_a
D:2:      layout_loops_ring, first_ration, serial_bayou_pond_a
D:3:      layout_basic, uniq_crazy_yiuf_cottage
D:4:      layout_cave_pods, serial_shops, shop, uniq_edmund

Notes
Turn   | Place    | Note
-------+----------+-------------------------------------------
     0 | D:1      | drasked the Hill Orc Monk began the quest for the Orb.
     0 | D:1      | Reached XP level 1. HP: 19/19 MP: 1/1
   172 | D:1      | Identified a +0 club
   320 | D:1      | Reached XP level 2. HP: 22/27 MP: 2/2
   547 | D:1      | Reached skill level 1 in Armour
   750 | D:1      | Reached skill level 4 in Fighting
   752 | D:1      | Identified a +0 club
   760 | D:1      | Reached XP level 3. HP: 26/33 MP: 3/3
  1626 | D:2      | Identified a +0 club
  1626 | D:2      | Identified a +0 dagger
  1645 | D:2      | Reached skill level 5 in Axes
  1907 | D:2      | Identified a cursed -3 dagger
  2314 | D:2      | Identified a +0 club
  2319 | D:2      | meem: I'm meem, an infobot run by MalcolmRoseGaming: Type
                  | !submeem to keep me in your games; !nomeem to shut me up
                  | forever; !meem for help; !whymeem if you want to know why
                  | meem exists. Visit http://youtube.com/malcolmrosegaming for
                  | more DCSS content.
  2319 | D:2      | Reached XP level 4. HP: 40/40 MP: 4/4
  2545 | D:2      | Identified a +0 club
  2618 | D:2      | Identified an amulet of magic regeneration (You found it on
                  | level 1 of the Dungeon)
  2619 | D:2      | Identified a ring of intelligence (You found it on level 2
                  | of the Dungeon)
  2637 | D:3      | Identified a +0 whip
  2708 | D:1      | Identified a +0 ring mail (You found it on level 1 of the
                  | Dungeon)
  2913 | D:3      | Identified a +0 dagger
  3021 | D:3      | Found a runed translucent door.
  3022 | D:3      | Identified a +2 quarterstaff of chaos
  3022 | D:3      | Identified a +0 cloak
  3022 | D:3      | Noticed Crazy Yiuf
  3051 | D:3      | Identified a +0 mace
  3444 | D:3      | Reached skill level 2 in Armour
  3462 | D:3      | Identified a +0 scale mail (You found it on level 3 of the
                  | Dungeon)
  3467 | D:3      | Identified a +0 pair of boots (You found it on level 3 of
                  | the Dungeon)
  4000 | D:4      | Identified a +0 dagger
  4000 | D:4      | Identified a +0 robe
  4000 | D:4      | Identified a +0 flail
  4002 | D:4      | Identified a +0 dagger
  4002 | D:4      | Identified a +0 ring mail
  4020 | D:4      | Reached XP level 5. HP: 37/47 MP: 5/5
  4028 | D:4      | Reached skill level 6 in Axes
  4264 | D:4      | Identified a cursed -3 dagger
  4264 | D:4      | Identified a +0 robe
  4264 | D:4      | Identified a +0 whip
  4264 | D:4      | Identified a +0 mace
  4264 | D:4      | Identified a +0 leather armour
  4264 | D:4      | Identified a +0 hand axe
  4266 | D:4      | Became a worshipper of Beogh the Brigand
  4266 | D:4      | Reached * piety under Beogh
  4266 | D:4      | Reached ** piety under Beogh
  4485 | D:4      | Identified a +0 hand axe
  4500 | D:4      | Identified a +0 short sword
  4501 | D:4      | Identified a +0 short sword
  4591 | D:4      | Found Qouveut's Jewellery Shoppe.
  4812 | D:4      | Identified a +0 hand axe
  4987 | D:4      | Reached XP level 6. HP: 46/55 MP: 6/6
  5131 | D:4      | Identified a +2 dire flail of protection
  5131 | D:4      | Identified a +0 chain mail
  5131 | D:4      | Noticed Edmund
  5166 | D:4      | HP: 13/55 [Edmund/puff of flame (4)]
  5171 | D:4      | HP: 3/55 [Edmund/puff of flame (7)]
  5179 | D:4      | Killed from afar by Edmund

Table legend:
 A = Turns spent in this place as a percentage of turns spent in the entire game.
 B = Non-inter-level travel turns spent in this place as a percentage of non-inter-level travel turns spent in the entire game.
 C = Inter-level travel turns spent in this place as a percentage of turns spent in this place.
 D = Turns resting spent in this place as a percentage of non-inter-level travel turns spent in this place.
 E = Turns spent auto-exploring this place as a percentage of non-inter-level travel turns spent in this place.
 F = Non-inter-level travel turns spent in this place divided by the number of levels of this place that you've seen.
                   A       B       C       D       E      F
               +-------+-------+-------+-------+-------+----------------------
         Total | 100.0 | 100.0 |   5.4 |  29.6 |  56.8 | 1225.2
       Dungeon | 100.0 | 100.0 |   5.4 |  29.6 |  56.8 | 1225.2
               +-------+-------+-------+-------+-------+----------------------

Table legend:
 A = Kills in this place as a percentage of kills in entire the game.
 B = Kills by you in this place as a percentage of kills by you in the entire game.
 C = Kills by friends in this place as a percentage of kills by friends in the entire game.
 D = Other kills in this place as a percentage of other kills in the entire game.
 E = Experience gained in this place as a percentage of experience gained in the entire game.
 F = Experience gained in this place divided by the number of levels of this place that you have seen.
                   A       B       C       D       E      F
               +-------+-------+-------+-------+-------+----------------------
         Total | 100.0 | 100.0 |   N/A |   N/A | 100.0 |  80.5
       Dungeon | 100.0 | 100.0 |   N/A |   N/A | 100.0 |  80.5
               +-------+-------+-------+-------+-------+----------------------

Skill      XL: |  1  2  3  4  5 |
---------------+----------------+-----
Armour         | 1 2 |  2.8
Fighting       | 4 |  4.9
Axes           | 5 6 |  6.6
Dodging        | |  2.4
Stealth        | |  1.5

Action                   |  1- 3 |  4- 6 || total
-------------------------+-------+-------++-------
Melee: Hand axe          |   101 |   117 ||   218
Throw: Dart              |    64 |    80 ||   144
       Throwing net      |       |     1 ||     1
Invok: Convert to Beogh  |       |     1 ||     1
 Stab: Sleeping          |     2 |       ||     2
       Invisible         |     1 |       ||     1
  Eat: Chunk             |     4 |     8 ||    12
Armor: Robe              |     8 |     2 ||    10
       Ring mail         |       |     9 ||     9
       Scale mail        |       |    28 ||    28
Dodge: Dodged            |    57 |    72 ||   129

Vanquished Creatures
  A hound (D:4)
  An orc wizard (D:4)
  A worker ant (D:4)
  5 adders
  2 oozes
  3 worms
  A dart slug (D:1)
  6 leopard geckos
  7 orcs
  2 bats
  A bat zombie (D:1)
  3 giant cockroaches
  2 goblins (D:2)
  9 hobgoblins
  4 jackals (D:3)
  5 kobolds
  2 ball pythons
  4 frilled lizards
  A leopard gecko zombie (D:1)
  10 rats
70 creatures vanquished.
